 Dungeon Sprint DCSS version 0.23.1-37-gaa34b87 (webtiles) character file.

Game seed: 489475104520033216

68 nuthulu the Fighter (level 8, -21/79 HPs)
             Began as a Formicid Fighter on Mar 20, 2019.
             Was an Elder of Qazlal.
             Killed from afar by a deep elf mage (40 damage)
             ... with a bolt of magma
             ... in the Dungeon (Sprint VI: "Thunderdome").
             The game lasted 00:02:18 (443 turns).

nuthulu the Fighter (Formicid Fighter)               Turns: 443, Time: 00:02:19

Health: -21/79     AC:  7    Str: 24    XL:     8   Next: 61%
Magic:  8/8        EV:  8    Int:  7    God:    Qazlal [****..]
Gold:   135        SH: 15    Dex: 10    Spells: 7/7 levels left

rFire    . . .     SeeInvis +   p - +0 broad axe
rCold    . . .     Gourm    .   c - +0 shield
rNeg     . . .     Faith    .   b - +0 scale mail
rPois    .         Spirit   .   (helmet unavailable)
rElec    +         Reflect  .   (no cloak)
rCorr    .         Harm     .   (no gloves)
MR       +....                  (no boots)
Stlth    ..........             (no amulet)
HPRegen  0.23/turn              q - ring "Tushunoi" {rElec MR+}
MPRegen  0.11/turn              (no ring)

@: repel missiles
A: permanent stasis, dig shafts and tunnels, four strong arms, antennae 3
a: Dig, Upheaval, Elemental Force, Renounce Religion


You were in the Dungeon.
You worshipped Qazlal.
Qazlal was greatly pleased with you.
You were not hungry.

You visited 1 branch You collected 300 gold pieces.
You spent 165 gold pieces at shops.

Inventory:

Hand Weapons
 a - a +0 war axe
 p - a +0 broad axe (weapon)
Armour
 b - a +0 scale mail (worn)
 c - a +0 shield (worn)
Jewellery
 q - the ring "Tushunoi" (left hand) {rElec MR+}
   (You bought it in a shop in the Dungeon)

   [ring of protection from magic]

   It insulates you from electricity.
   It affects your resistance to hostile enchantments.
Wands
 l - a wand of acid (5)
 m - a wand of iceblast (5)
Scrolls
 k - 4 scrolls of blinking
 n - 3 scrolls of fog
Potions
 h - 4 potions of haste
 i - 2 potions of magic
 j - a potion of berserk rage
Comestibles
 f - a ration


   Skills:
 + Level 13.6 Fighting
 + Level 12.4 Axes
 - Level 3.8 Armour
 - Level 4.2 Shields


You had 7 spell levels left.
You didn't know any spells.
Your spell library was empty.

Dungeon Overview and Level Annotations

Branches:
Dungeon (1/1)

Altars:
Cheibriados
Dithmenos
Fedhas
Gozag
Kikubaaqudgha
Makhleb
Okawaru
Qazlal
Ru
Sif Muna
Trog
Uskayaw
Vehumet
Wu Jian
Xom
Yredelemnul
Zin
The Shining One
Beogh
Jiyva
Lugonu

Shops:
D *[%??*?*:[((!!!!


Innate Abilities, Weirdness & Mutations

You cannot be hasted, slowed, berserked, paralysed or teleported.
You can dig through walls and to a lower floor.
Your four strong arms can wield two-handed weapons with a shield.
You have a pair of large antennae on your head. (SInv)


Message History

Unknown command.
You feel better.
The deep elf mage gestures wildly while chanting.
Unknown command.
Unknown command.
You slash the deep elf mage!
The deep elf mage is severely wounded.
You hit the earth elemental but do no damage.
You slash the earth elemental!
You destroy the earth elemental!
The earth elemental hits you!
* * * LOW HITPOINT WARNING * * *
Your shield and scale mail prevent you from hitting the deep elf mage.
The deep elf mage is severely wounded.
You hit the earth elemental but do no damage.
The deep elf mage closely misses you.
The deep elf mage points at you and mumbles some strange words.
The bolt of magma hits you!!!
Ouch! That really hurt!
You die...

#∩.......∩# #........_#
#_........# #_......._#
###......e..###
#⌠...........⌠#
######.8......○☼.8°######
#∩___......###☼°.E...__∩##
∩........8.# #.8@e......∩###
...........###...EE........##
........###...###..........§#
........# #.<.# #..........⌠#
........###...###..........⌠#
...........###.............##
∩........8.# #.8........∩###
#∩___......###......___∩##
######.8.........8.######


You could see 3 earth elementals and 2 deep elf magi.

Vanquished Creatures
  3 fire elementals (D)
  3 fire bats (D)
  2 phantoms (D)
  A necrophage (D)
  3 adder zombies (D)
  An adder skeleton (D)
  A bat skeleton (D)
  A ball python zombie (D)
  A jackal zombie (D)
  A quokka zombie (D)
17 creatures vanquished.

Notes
Turn   | Place    | Note
-------+----------+-------------------------------------------
     0 | D        | nuthulu the Formicid Fighter began the quest for the Orb.
     0 | D        | Reached XP level 1. HP: 18/18 MP: 1/1
     1 | D        | Found a hide-covered altar of Uskayaw.
     1 | D        | Found a burning altar of Makhleb.
     2 | D        | Found a roughly hewn altar of Beogh.
     2 | D        | Found an ancient bone altar of Kikubaaqudgha.
     3 | D        | Found a bloodstained altar of Trog.
     3 | D        | Found an opulent altar of Gozag.
     4 | D        | Found a deep blue altar of Sif Muna.
     4 | D        | Found a glowing golden altar of the Shining One.
     4 | D        | Found Oduogg's Weapon Rack.
     4 | D        | Found Biydeic's Premium Goods.
     5 | D        | Found Docikhas's Basic Armour.
     5 | D        | Found Poocyan's Miscellaneous Merchandise.
     5 | D        | Round 1.
    12 | D        | Bought a +0 broad axe for 120 gold pieces
    17 | D        | Found a stormy altar of Qazlal.
    18 | D        | Found an iron altar of Okawaru.
    19 | D        | Found a shadowy altar of Dithmenos.
    20 | D        | Found Puoxtyar's Identification Station.
    21 | D        | Found Xiamuobb's Advanced Armour.
    21 | D        | Found Evept's Jewellery.
    21 | D        | Found a snail-covered altar of Cheibriados.
    21 | D        | Found an ornate altar of the Wu Jian Council.
    21 | D        | Found a shimmering altar of Xom.
    21 | D        | Found Ginoytug's Delicious Food.
    25 | D        | Became a worshipper of Qazlal Stormbringer
    38 | D        | Bought a flickering turquoise ring for 45 gold pieces
    38 | D        | Identified the ring "Tushunoi" {rElec MR+} (You bought it
                  | in a shop in the Dungeon)
    40 | D        | Found a viscous altar of Jiyva.
    53 | D        | Found a sacrificial altar of Ru.
    55 | D        | Found a basalt altar of Yredelemnul.
    55 | D        | Found a corrupted altar of Lugonu.
    55 | D        | Found Hogoj's Magic Scroll Shop.
    55 | D        | Found Ecriut's Staff Store.
    56 | D        | Found Ulid's Magic Scroll Shop.
    56 | D        | Found Nicsy's Must-Have Magic.
    60 | D        | Found a blossoming altar of Fedhas.
    61 | D        | Found a radiant altar of Vehumet.
    62 | D        | Found Taogaqov's Distillery.
    62 | D        | Found a glowing silver altar of Zin.
    62 | D        | Found Jiseil's Do-It-Yourself Clinic.
    63 | D        | Found Piaxzom's Distillery.
    63 | D        | Found Oriadudgh's Bottled Wisdom.
   114 | D        | Reached * piety under Qazlal
   114 | D        | Reached skill level 4 in Fighting
   114 | D        | Reached XP level 2. HP: 25/25 MP: 2/2
   120 | D        | Noticed a phantom
   120 | D        | Noticed a necrophage
   136 | D        | Killed a necrophage
   136 | D        | Reached skill level 7 in Fighting
   136 | D        | Reached XP level 3. HP: 16/36 MP: 3/3
   136 | D        | Reached XP level 4. HP: 19/43 MP: 4/4
   143 | D        | Killed a phantom
   143 | D        | Reached ** piety under Qazlal
   143 | D        | Arena points: 14 (+14) [x2]
   143 | D        | Reached skill level 9 in Fighting
   143 | D        | Reached XP level 5. HP: 35/52 MP: 5/5
   185 | D        | Round 2.
   240 | D        | Reached XP level 6. HP: 57/58 MP: 6/6
   246 | D        | Reached *** piety under Qazlal
   259 | D        | Noticed a phantom
   303 | D        | Killed a phantom
   303 | D        | Reached skill level 10 in Fighting
   311 | D        | Arena points: 26 (+12) [x1]
   326 | D        | Round 3.
   327 | D        | Noticed a fire elemental
   328 | D        | Noticed a fire bat
   338 | D        | Killed a fire elemental
   338 | D        | Reached skill level 11 in Fighting
   338 | D        | Reached skill level 10 in Axes
   338 | D        | Reached XP level 7. HP: 48/68 MP: 7/7
   344 | D        | Noticed a fire elemental
   344 | D        | Noticed a fire bat
   346 | D        | Noticed a fire elemental
   350 | D        | Killed a fire bat
   350 | D        | Reached **** piety under Qazlal
   351 | D        | Killed a fire bat
   351 | D        | Reached skill level 12 in Fighting
   352 | D        | Killed a fire elemental
   352 | D        | Reached XP level 8. HP: 32/78 MP: 8/8
   356 | D        | Killed a fire elemental
   356 | D        | Reached skill level 13 in Fighting
   360 | D        | Noticed a fire bat
   372 | D        | Killed a fire bat
   372 | D        | Arena points: 68 (+42) [x2]
   426 | D        | Round 4.
   426 | D        | Noticed a deep elf mage
   435 | D        | Noticed a deep elf mage
   439 | D        | HP: 2/79 [deep elf mage/bolt of lightning (7)]
   443 | D        | Killed from afar by a deep elf mage

Skill      XL: |  1  2  3  4  5  6  7  8 |
---------------+-------------------------+-----
Shields        | 4 |  4.2
Fighting       | 4 7 9 11 12 13 | 13.6
Axes           | 6 7 10 11 12 | 12.4
Armour         | |  3.8

Action                   |  1- 3 |  4- 6 |  7- 9 || total
-------------------------+-------+-------+-------++-------
Melee: Broad axe         |    22 |    32 |    19 ||    73
  Use: Potion            |       |     4 |     3 ||     7
Armor: Scale mail        |    17 |     5 |    16 ||    38
Dodge: Dodged            |    11 |     8 |    10 ||    29
       Deflected         |       |       |     2 ||     2
Block: Shield            |    16 |    25 |    28 ||    69
